 Dungeon Crawl Stone Soup version 0.23.2-40-g277498a (webtiles) character file.

Game seed: 3243214591153188635

106 Aphrodieselac the Charmwright (level 4, -2/33 HPs)
             Began as a Merfolk Skald on Aug 30, 2019.
             Slain by a worker ant (5 damage)
             ... on level 2 of the Dungeon.
             The game lasted 00:10:12 (2855 turns).

Aphrodieselac the Charmwright (Merfolk Skald)       Turns: 2855, Time: 00:10:12

Health: -2/33      AC:  4    Str: 16    XL:     4   Next: 84%
Magic:  5/7        EV: 12    Int: 13    God:
Gold:   136        SH:  0    Dex: 13    Spells: 6/7 levels left

rFire    . . .     SeeInvis .   a - +0 spear
rCold    . . .     Gourm    +   (no shield)
rNeg     + . .     Faith    .   b - +0 leather armour
rPois    .         Spirit   .   (no helmet)
rElec    .         Reflect  .   s - +0 cloak
rCorr    .         Harm     .   (no gloves)
MR       .....                  (no boots)
Stlth    +.........             q - amulet of the gourmand
HPRegen  0.11/turn              h - ring of positive energy
MPRegen  0.10/turn              (no ring)

@: mighty, lethally poisoned (-2 -> -17), infused
A: change form in water, swift swim, stealthy swim
a: no special abilities


You were on level 2 of the Dungeon.
You were full.

You visited 1 branch of the dungeon, and saw 3 of its levels.

You collected 136 gold pieces.

Inventory:

Hand Weapons
 a - a +0 spear (weapon)
Missiles
 i - 3 javelins (quivered)
Armour
 b - a +0 leather armour (worn)
 s - a +0 cloak (worn)
Jewellery
 h - a ring of positive energy (left hand)
 n - an uncursed ring of fire
 q - an amulet of the gourmand (around neck)
Scrolls
 e - a scroll of immolation {unknown}
 j - a scroll of magic mapping {unknown}
 l - 2 scrolls of teleportation {unknown}
 o - a scroll of remove curse {unknown}
 p - a scroll of noise {unknown}
 r - a scroll of enchant weapon {unknown}
 u - 3 scrolls of enchant armour {unknown}
 v - a scroll of identify {unknown}
Potions
 c - a potion of might
 f - 2 potions of heal wounds {unknown}
 g - a potion of mutation {unknown}
 k - a potion of curing {unknown}
 m - a potion of cancellation {unknown}
 t - a potion of ambrosia {unknown}
Comestibles
 d - 2 rations


   Skills:
 - Level 2.1 Fighting
 + Level 4.7 Polearms
 - Level 0.6 Armour
 - Level 2.6 Dodging
 - Level 2.0 Spellcasting
 * Level 5.2 Charms


You had 6 spell levels left.
You knew the following spells:

 Your Spells              Type           Power        Failure   Level  Hunger
a - Infusion              Chrm           ##..         3%          1    ##.....

Your spell library contained the following spells:

 Spells                   Type           Power        Failure   Level  Hunger
 Song of Slaying          Chrm           ##......     5%          2    ###....
 Shroud of Golubria       Chrm/Tloc      #.........   16%         2    ###....
 Regeneration             Chrm/Necr      #.........   32%         3    ####...
 Spectral Weapon          Hex/Chrm       #.......     32%         3    ####...


Dungeon Overview and Level Annotations

Branches:
Dungeon (3/15)

Altars:
Wu Jian


Message History

* * * LOW HITPOINT WARNING * * *
You feel sick.
There is a stone staircase leading down here.
You hit the worker ant.
The worker ant is severely wounded.
* * * LOW HITPOINT WARNING * * *
You feel sick. The worker ant bites you.
* * * LOW HITPOINT WARNING * * *
You are more poisoned.
The worker ant poisons you!
You hit the worker ant.
The worker ant is almost dead.
* * * LOW HITPOINT WARNING * * *
You feel sick. The worker ant barely misses you. x2
Unknown command.
It was a potion of might.
You feel very mighty all of a sudden.
* * * LOW HITPOINT WARNING * * *
You feel sick. The worker ant bites you.
You die...

.........####...#######.#
.........#........# #.#
.........#.###..#.# #.#
.........#.# #..#.# #.#
.........#.# #..#.# #.#
.(.........###..#.# #.#
...........<###.#.# #.#
.........######a..#####.#
................@....(..#
#########################


You could see a worker ant.

Vanquished Creatures
  5 adders
  3 worms (D:2)
  A dart slug (D:2)
  4 leopard geckos
  2 orcs (D:2)
  2 giant cockroaches
  4 goblins
  5 hobgoblins
  2 quokkas (D:2)
  6 bats
  A frilled lizard (D:2)
  8 kobolds
  4 rats
47 creatures vanquished.

Notes
Turn   | Place    | Note
-------+----------+-------------------------------------------
     0 | D:1      | Aphrodieselac the Merfolk Skald began the quest for the
                  | Orb.
     0 | D:1      | Reached XP level 1. HP: 16/16 MP: 3/3
   302 | D:1      | Reached XP level 2. HP: 22/22 MP: 5/5
   647 | D:1      | Reached skill level 4 in Charms
  1164 | D:2      | Found a faded altar of an unknown god.
  1266 | D:2      | Reached XP level 3. HP: 8/27 MP: 3/6
  1674 | D:2      | Reached XP level 4. HP: 21/33 MP: 2/7
  1998 | D:2      | Found an ornate altar of the Wu Jian Council.
  2079 | D:2      | Reached skill level 5 in Charms
  2855 | D:2      | Slain by a worker ant

Skill      XL: |  1  2  3  4 |
---------------+-------------+-----
Charms         | 4 5 |  5.2
Polearms       | 4 |  4.7
Fighting       | |  2.1
Armour         | |  0.6
Dodging        | |  2.6
Spellcasting   | |  2.0

Action                   |  1- 3 |  4- 6 || total
-------------------------+-------+-------++-------
Melee: Spear             |   136 |   112 ||   248
 Cast: Infusion          |     5 |     6 ||    11
  Use: Potion            |       |     1 ||     1
  Eat: Chunk             |     2 |    15 ||    17
Armor: Leather armour    |    37 |    10 ||    47
Dodge: Dodged            |    93 |    56 ||   149
